2985 views
Uploaded 2020-01-23 01:47:23
Game version 1.32.0.6
19:56 long 2on2 ladder game on (4)SynergyBigPaved
Saved by SouL
2985 views
Uploaded 2020-01-23 01:47:23
Game version 1.32.0.6
19:56 long 2on2 ladder game on (4)SynergyBigPaved


62 units @ 9.5k
/ 1.7k
26 buildings @ 4.4k
/ 1.8k



| Rod of Necromancy | 3 | 450 |
| Orb of Corruption | 1 | 375 |
| Potion of Healing | 2 | 300 |
| Scroll of Healing | 2 | 500 |
| Scroll of Town Portal | 1 | 350 |
| Potion of Lesser Invulnerability | 1 | 150 |
| total: | 10 | 2125g |
| Acolyte | 2 | 150 | / | 0 |
| Ghoul | 4 | 480 | / | 0 |
| Crypt Fiend | 13 | 2795 | / | 520 |
| Obsidian Statue | 3 | 600 | / | 105 |
| Abomination | 3 | 720 | / | 210 |
| total: | 25 | 4745g | / | 835w |
| Graveyard | 1 | 215 | / | 0 |
| Crypt | 2 | 400 | / | 100 |
| Altar of Darkness | 1 | 180 | / | 50 |
| Ziggurat | 6 | 900 | / | 300 |
| Tomb of Relics | 1 | 130 | / | 30 |
| Slaughterhouse | 2 | 280 | / | 270 |
| Halls of the Dead | 1 | 320 | / | 210 |
| Black Citadel | 1 | 325 | / | 230 |
| total: | 13 | 2105g | / | 750w |
| 0:05 | Acolyte |
| 0:08 | Graveyard |
| 0:13 | Crypt |
| 0:15 | Crypt |
| 0:22 | Acolyte |
| 0:52 | Altar of Darkness |
| 0:58 | Ziggurat |
| 1:20 | Ziggurat |
| 1:22 | Ghoul |
| 1:32 | Tomb of Relics |
| 1:54 | Crypt Fiend |
| 1:54 | Crypt Fiend |
| 2:18 | Crypt Fiend |
| 2:52 | Ghoul |
| 2:56 | Rod of Necromancy |
| 3:02 | Death Coil |
| 3:22 | Halls of the Dead |
| 3:49 | Crypt Fiend |
| 3:58 | Ziggurat |
| 4:28 | Crypt Fiend |
| 4:43 | Creature Attack |
| 4:51 | Unholy Aura |
| 4:57 | Ghoul |
| 5:06 | Ghoul |
| 6:17 | Crypt Fiend |
| 6:21 | Slaughterhouse |
| 6:34 | Burrow |
| 6:55 | Slaughterhouse |
| 7:26 | Black Citadel |
| 7:34 | Rod of Necromancy |
| 7:41 | Improved Creature Attack |
| 7:47 | Death Coil |
| 8:18 | Frost Nova |
| 8:27 | Obsidian Statue |
| 8:27 | Obsidian Statue |
| 8:47 | Ziggurat |
| 10:04 | Orb of Corruption |
| 10:04 | Scroll of Healing |
| 10:06 | Crypt Fiend |
| 10:28 | Scroll of Town Portal |
| 10:50 | Crypt Fiend |
| 11:37 | Crypt Fiend |
| 11:41 | Frost Armor |
| 12:08 | Ziggurat |
| 12:12 | Ziggurat |
| 12:21 | Advanced Creature Attack |
| 13:11 | Disease Cloud |
| 13:12 | Abomination |
| 13:26 | Unholy Aura |
| 13:37 | Crypt Fiend |
| 13:54 | Obsidian Statue |
| 13:56 | Abomination |
| 13:59 | Frost Nova |
| 14:18 | Potion of Healing |
| 14:55 | Rod of Necromancy |
| 14:58 | Potion of Healing |
| 15:48 | Creature Carapace |
| 15:54 | Potion of Lesser Invulnerability |
| 16:04 | Scroll of Healing |
| 16:21 | Impale |
| 17:20 | Crypt Fiend |
| 17:20 | Crypt Fiend |
| 17:45 | Crypt Fiend |
| 17:47 | Frost Armor |
| 18:16 | Death Coil |
| 18:35 | Abomination |
| Select group | 2962 |
| Right click | 1985 |
| Misc. action | 574 |
| Select | 432 |
| Assign group | 207 |
| Chat | 197 |
| Build/train/purchase | 128 |
| Use ability | 42 |
| Minimap ping | 17 |
| Item give/drop | 7 |
| Esc | 2 |


| Lesser Clarity Potion | 3 | 210 |
| Moonstone | 3 | 150 |
| Staff of Preservation | 1 | 150 |
| Orb of Venom | 1 | 325 |
| Potion of Healing | 1 | 150 |
| Dust of Appearance | 1 | 75 |
| Scroll of Town Portal | 2 | 700 |
| Rod of Necromancy | 2 | 300 |
| total: | 14 | 2060g |
| Wisp | 17 | 1020 | / | 0 |
| Archer | 8 | 1040 | / | 80 |
| Dryad | 6 | 870 | / | 360 |
| Mountain Giant | 4 | 1400 | / | 400 |
| Ice Troll Trapper | 1 | 200 | / | 20 |
| Ice Troll Berserker | 1 | 245 | / | 30 |
| total: | 37 | 4775g | / | 890w |
| Altar of Elders | 1 | 180 | / | 50 |
| Moon Well | 5 | 900 | / | 200 |
| Ancient of War | 1 | 150 | / | 60 |
| Ancient of Wonders | 1 | 90 | / | 30 |
| Hunter's Hall | 1 | 210 | / | 100 |
| Tree of Life | 1 | 340 | / | 185 |
| Ancient of Lore | 3 | 465 | / | 435 |
| Tree of Ages | 1 | 320 | / | 180 |
| Tree of Eternity | 1 | 330 | / | 200 |
| total: | 13 | 2335g | / | 1060w |
| 0:03 | Wisp |
| 0:03 | Wisp |
| 0:06 | Altar of Elders |
| 0:15 | Moon Well |
| 0:29 | Ancient of War |
| 0:33 | Wisp |
| 0:50 | Wisp |
| 1:00 | Wisp |
| 1:16 | Wisp |
| 1:22 | Wisp |
| 1:31 | Archer |
| 1:38 | Wisp |
| 1:46 | Moon Well |
| 1:53 | Wisp |
| 2:14 | Force of Nature |
| 2:26 | Ancient of Wonders |
| 2:34 | Wisp |
| 2:35 | Wisp |
| 2:35 | Wisp |
| 3:04 | Entangling Roots |
| 3:07 | Wisp |
| 3:09 | Moon Well |
| 3:26 | Archer |
| 3:29 | Lesser Clarity Potion |
| 3:31 | Dust of Appearance |
| 3:32 | Moonstone |
| 3:55 | Archer |
| 4:03 | Tree of Ages |
| 4:18 | Archer |
| 4:34 | Hunter's Hall |
| 4:55 | Moon Well |
| 5:08 | Archer |
| 5:28 | Entangling Roots |
| 5:42 | Archer |
| 5:57 | Archer |
| 6:29 | Rod of Necromancy |
| 6:34 | Ice Troll Trapper |
| 6:34 | Ice Troll Berserker |
| 6:53 | Improved Bows |
| 7:28 | Backpack |
| 7:30 | Ancient of Lore |
| 7:32 | Ancient of Lore |
| 7:36 | Acid Bomb |
| 7:47 | Archer |
| 8:16 | Ancient of Lore |
| 8:24 | Wisp |
| 8:24 | Wisp |
| 8:40 | Lesser Clarity Potion |
| 8:41 | Moonstone |
| 8:42 | Staff of Preservation |
| 8:59 | Rod of Necromancy |
| 9:14 | Dryad |
| 9:15 | Abolish Magic |
| 9:44 | Scroll of Town Portal |
| 9:57 | Chemical Rage |
| 10:26 | Tree of Eternity |
| 10:37 | Lesser Clarity Potion |
| 10:37 | Moonstone |
| 11:04 | Reinforced Hides |
| 11:16 | Moon Well |
| 11:49 | Dryad |
| 12:10 | Mountain Giant |
| 12:29 | Force of Nature |
| 12:49 | Orb of Venom |
| 13:02 | Potion of Healing |
| 13:07 | Hardened Skin |
| 13:32 | Resistant Skin |
| 13:36 | Dryad |
| 13:44 | Wisp |
| 13:44 | Wisp |
| 13:53 | Ultravision |
| 14:01 | Mountain Giant |
| 14:06 | Well Spring |
| 14:52 | Nature's Blessing |
| 15:14 | Acid Bomb |
| 15:42 | Mountain Giant |
| 16:07 | Scroll of Town Portal |
| 16:31 | Dryad |
| 16:58 | Dryad |
| 17:18 | Dryad |
| 18:27 | Force of Nature |
| 18:32 | Chemical Rage |
| 19:08 | Tree of Life |
| 19:50 | Mountain Giant |
| Right click | 1750 |
| Select group | 1317 |
| Select | 354 |
| Chat | 133 |
| Build/train/purchase | 127 |
| Use ability | 92 |
| Misc. action | 59 |
| Assign group | 57 |
| Item give/drop | 9 |
| Resource trade | 4 |
| Minimap ping | 3 |
| Remove unit | 2 |
| Esc | 1 |
81 units @ 12.8k
/ 1.4k
25 buildings @ 4.1k
/ 1.2k


| Healing Salve | 4 | 400 |
| Lesser Clarity Potion | 5 | 350 |
| Scroll of Speed | 3 | 150 |
| Tiny Great Hall | 1 | 600 |
| Potion of Healing | 1 | 150 |
| Potion of Mana | 3 | 600 |
| Scroll of Town Portal | 1 | 350 |
| total: | 18 | 2600g |
| Peon | 9 | 675 | / | 0 |
| Grunt | 20 | 4000 | / | 0 |
| Raider | 4 | 720 | / | 160 |
| Spirit Walker | 5 | 975 | / | 175 |
| Kodo Beast | 7 | 1785 | / | 420 |
| total: | 45 | 8155g | / | 755w |
| Altar of Storms | 1 | 180 | / | 50 |
| Orc Burrow | 6 | 960 | / | 240 |
| Barracks | 1 | 180 | / | 50 |
| Voodoo Lounge | 2 | 260 | / | 60 |
| War Mill | 1 | 205 | / | 0 |
| Beastiary | 1 | 145 | / | 140 |
| Tauren Totem | 1 | 135 | / | 155 |
| Stronghold | 1 | 315 | / | 190 |
| total: | 13 | 2065g | / | 695w |
| 0:02 | Peon |
| 0:06 | Altar of Storms |
| 0:08 | Peon |
| 0:19 | Orc Burrow |
| 0:29 | Peon |
| 0:37 | Barracks |
| 0:49 | Peon |
| 1:06 | Peon |
| 1:06 | Peon |
| 1:29 | Orc Burrow |
| 1:38 | Grunt |
| 1:49 | Peon |
| 2:07 | Feral Spirit |
| 2:23 | Grunt |
| 2:40 | Stronghold |
| 2:56 | Voodoo Lounge |
| 3:25 | Grunt |
| 3:29 | Orc Burrow |
| 3:41 | Chain Lighting |
| 4:35 | Healing Salve |
| 4:35 | Lesser Clarity Potion |
| 4:35 | Scroll of Speed |
| 5:11 | Berserker Strength |
| 5:16 | Beastiary |
| 6:04 | Feral Spirit |
| 6:12 | Peon |
| 6:14 | Healing Salve |
| 6:14 | Lesser Clarity Potion |
| 6:14 | Scroll of Speed |
| 6:16 | Grunt |
| 6:42 | Hex |
| 7:06 | Grunt |
| 7:25 | Raider |
| 7:26 | Raider |
| 7:29 | Tauren Totem |
| 7:34 | Orc Burrow |
| 7:38 | Healing Salve |
| 7:48 | Grunt |
| 8:44 | Grunt |
| 8:46 | Spirit Walker |
| 8:47 | Spirit Walker |
| 8:54 | Ensnare |
| 8:54 | Raider |
| 8:58 | War Mill |
| 9:57 | Grunt |
| 10:01 | Spirit Walker Adept Training |
| 10:10 | Healing Wave |
| 10:48 | Grunt |
| 10:49 | Kodo Beast |
| 10:52 | Kodo Beast |
| 11:20 | Chain Lighting |
| 11:42 | Kodo Beast |
| 12:22 | Grunt |
| 12:22 | Grunt |
| 12:23 | Spirit Walker |
| 13:02 | Grunt |
| 13:03 | Spirit Walker |
| 13:40 | Kodo Beast |
| 13:40 | Kodo Beast |
| 14:14 | Tiny Great Hall |
| 14:18 | Steel Armor |
| 14:58 | Lesser Clarity Potion |
| 15:01 | Scroll of Town Portal |
| 15:05 | Raider |
| 15:19 | Peon |
| 15:22 | Orc Burrow |
| 16:02 | Thorium Armor |
| 16:05 | Grunt |
| 16:06 | Grunt |
| 16:20 | Orc Burrow |
| 16:33 | Healing Wave |
| 17:26 | Grunt |
| 17:27 | Spirit Walker |
| 17:28 | Grunt |
| 17:46 | Healing Salve |
| 17:46 | Lesser Clarity Potion |
| 17:46 | Scroll of Speed |
| 17:46 | Potion of Healing |
| 17:47 | Potion of Mana |
| 18:05 | Potion of Mana |
| 18:05 | Potion of Mana |
| 18:07 | Hex |
| 18:15 | Chain Lighting |
| 18:43 | Lesser Clarity Potion |
| 18:57 | Grunt |
| 18:57 | Grunt |
| 18:58 | Kodo Beast |
| 18:58 | Kodo Beast |
| 19:29 | Grunt |
| 19:29 | Grunt |
| 19:47 | Voodoo Lounge |
| Right click | 629 |
| Select | 435 |
| Select group | 223 |
| Misc. action | 176 |
| Build/train/purchase | 123 |
| Assign group | 121 |
| Use ability | 74 |
| Resource trade | 11 |
| Esc | 5 |
| Chat | 4 |
| Item give/drop | 3 |
| Remove unit | 1 |

| Healing Salve | 2 | 200 |
| Lesser Clarity Potion | 1 | 70 |
| Scroll of Speed | 1 | 50 |
| Potion of Mana | 3 | 600 |
| Potion of Healing | 2 | 300 |
| Scroll of Healing | 1 | 250 |
| Scroll of Town Portal | 1 | 350 |
| Potion of Lesser Invulnerability | 1 | 150 |
| total: | 12 | 1970g |
| Peon | 6 | 450 | / | 0 |
| Troll Headhunter | 10 | 1400 | / | 200 |
| Troll Berserker | 20 | 2800 | / | 400 |
| total: | 36 | 4650g | / | 600w |
| Altar of Storms | 1 | 180 | / | 50 |
| Orc Burrow | 6 | 960 | / | 240 |
| Barracks | 3 | 540 | / | 150 |
| War Mill | 1 | 205 | / | 0 |
| Voodoo Lounge | 1 | 130 | / | 30 |
| Stronghold | 1 | 315 | / | 190 |
| Fortress | 1 | 325 | / | 190 |
| total: | 12 | 2015g | / | 470w |
| 0:05 | Peon |
| 0:06 | Altar of Storms |
| 0:14 | Peon |
| 0:21 | Orc Burrow |
| 0:27 | Peon |
| 0:51 | Barracks |
| 1:07 | War Mill |
| 1:21 | Peon |
| 1:29 | Barracks |
| 1:41 | Peon |
| 1:42 | Peon |
| 2:13 | Barracks |
| 2:22 | Endurance Aura |
| 2:40 | Voodoo Lounge |
| 2:45 | Troll Headhunter |
| 2:46 | Troll Headhunter |
| 2:47 | Troll Headhunter |
| 3:22 | Orc Burrow |
| 3:44 | Healing Salve |
| 4:04 | Stronghold |
| 4:16 | Troll Headhunter |
| 4:33 | Troll Headhunter |
| 4:34 | Troll Headhunter |
| 4:50 | War Stomp |
| 5:26 | Orc Burrow |
| 6:32 | Fortress |
| 6:35 | Troll Regeneration |
| 6:36 | Troll Headhunter |
| 6:36 | Troll Headhunter |
| 7:27 | Troll Headhunter |
| 7:27 | Troll Headhunter |
| 7:40 | Lesser Clarity Potion |
| 7:41 | Healing Salve |
| 8:30 | Potion of Lesser Invulnerability |
| 8:31 | Scroll of Healing |
| 8:57 | Berserker Upgrade |
| 9:16 | War Stomp |
| 10:04 | Orc Burrow |
| 10:54 | Steel Ranged Weapons |
| 10:54 | Steel Armor |
| 11:15 | Troll Berserker |
| 11:15 | Troll Berserker |
| 11:42 | Spiked Barricades |
| 11:42 | Reinforced Defenses |
| 11:44 | Troll Berserker |
| 11:44 | Troll Berserker |
| 11:51 | Scroll of Town Portal |
| 11:51 | Scroll of Speed |
| 11:53 | Endurance Aura |
| 13:05 | Troll Berserker |
| 13:05 | Troll Berserker |
| 13:43 | Thorium Ranged Weapons |
| 13:43 | Thorium Armor |
| 14:14 | Potion of Mana |
| 14:14 | Potion of Healing |
| 14:29 | Troll Berserker |
| 14:29 | Troll Berserker |
| 14:59 | War Stomp |
| 15:22 | Orc Burrow |
| 15:25 | Improved Spiked Barricades |
| 16:03 | Orc Burrow |
| 16:53 | Troll Berserker |
| 16:53 | Troll Berserker |
| 16:53 | Troll Berserker |
| 17:01 | Troll Berserker |
| 17:10 | Troll Berserker |
| 17:41 | Troll Berserker |
| 17:41 | Troll Berserker |
| 17:43 | Potion of Mana |
| 18:06 | Troll Berserker |
| 18:51 | Potion of Mana |
| 19:02 | Troll Berserker |
| 19:12 | Potion of Healing |
| 19:15 | Troll Berserker |
| 19:15 | Troll Berserker |
| 19:33 | Troll Berserker |
| 19:46 | Pillage |
| Right click | 1481 |
| Select | 349 |
| Select group | 281 |
| Build/train/purchase | 116 |
| Assign group | 55 |
| Use ability | 10 |
| Chat | 4 |
| Remove unit | 1 |